 Dungeon Crawl Stone Soup version 0.28-a0-479-g5baa6b73be (webtiles) character file.

Game seed: 9670119787524803839

3877 timneilson the Blocker (level 10, -2/61 HPs)
             Began as a Gargoyle Fighter on Sept 18, 2021.
             Slain by an orc knight (16 damage)
             ... in a bailey.
             The game lasted 00:20:10 (6757 turns).

timneilson the Blocker (Gargoyle Fighter)           Turns: 6757, Time: 00:20:11

Health: -2/61      AC: 24    Str: 29    XL:     10   Next: 19%
Magic:  10/10      EV: 10    Int:  9    God:
Gold:   1458       SH:  5    Dex:  9    Spells: 9/9 levels left

rFire   . . .      SeeInvis .   d - +2 scimitar (freeze)
rCold   . . .      Faith    .   c - +0 buckler
rNeg    + . .      Spirit   .   m - +0 chain mail
rPois   ∞          Reflect  .   (no helmet)
rElec   +          Harm     .   (no cloak)
rCorr   .          Rampage  .   g - +1 pair of gloves
Will    .....                   (no boots)
Stlth   ..........              (no amulet)
HPRegen 0.20/turn               e - +4 ring of protection
MPRegen 0.12/turn               B - +6 ring of strength

@: studying Armour
A: sickness immunity, AC +7, negative energy resistance 1, electricity
resistance, torment resistance 1, petrification resistance
a: no special abilities


You were in a bailey.
You visited 2 branches of the dungeon, and saw 8 of its levels.
You also visited: Sewer, Ossuary and Bailey.

You collected 1726 gold pieces.
You spent 268 gold pieces at shops.

Inventory:

Hand Weapons
 a - a +1 long sword
 d - a +2 scimitar of freezing (weapon)
Armour
 c - a +0 buckler (worn)
 g - a +1 pair of gloves (worn)
 j - a +0 plate armour
 m - a +0 chain mail (worn)
Jewellery
 e - a +4 ring of protection (left hand)
 o - a +4 ring of protection
 z - a ring of see invisible
 B - a +6 ring of strength (right hand)
Wands
 l - a wand of digging (3)
Scrolls
 b - a scroll of identify
 r - a scroll of fog
 v - 4 scrolls of teleportation
 w - a scroll of enchant armour
 y - 2 scrolls of amnesia
 A - a scroll of fear
 D - a scroll of blinking {unknown}
Potions
 f - a potion of curing
 h - 2 potions of invisibility
 i - a potion of cancellation {unknown}
 k - 2 potions of mutation
 n - a potion of attraction {unknown}
 p - a potion of magic {unknown}
 q - a potion of flight {unknown}
 s - 2 potions of resistance
 t - 4 potions of heal wounds
 u - 2 potions of berserk rage {unknown}
 x - a potion of lignification {unknown}
 C - 2 potions of brilliance {unknown}


   Skills:
 + Level 6.4 Fighting
 * Level 6.8 Long Blades
 * Level 8.6 Armour
 + Level 3.9 Dodging
 * Level 8.6 Shields


You had 9 spell levels left.
You didn't know any spells.
Your spell library contained the following spells:

 Spells                   Type           Power      Damage    Failure   Level
 Apportation              Tloc           0%         N/A       87%         1
 Alistair's Intoxication  Tmut/Pois      0%         N/A       100%        5
 Invisibility             Hex            0%         N/A       100%        6


Dungeon Overview and Level Annotations

Branches:
Dungeon (7/15)             Temple (1/1) D:6           Sewer (visited)
Ossuary (visited)          Bailey (1/1)

Altars:
Ashenzari
Cheibriados
Elyvilon
Fedhas
Gozag
Kikubaaqudgha
Makhleb
Qazlal
Ru
Trog
Vehumet
Wu Jian
Xom
Yredelemnul
Zin
The Shining One
Beogh

Shops:
D:5 (

Annotations:
D:6 3 runed translucent doors, Maken's ghost, novice GnEE


Innate Abilities, Weirdness & Mutations

You are immune to sickness and miasma.
Your stone body is resilient. (AC +7)
You are immune to poison.
You resist negative energy. (rN+)
You are resistant to electric shocks. (rElec)
You are resistant to unholy torment.
You are immune to petrification.


Message History

C - 2 bubbling coppery potions (gained 1)
There is a fountain of blood here.
Things that are here:
a +0 halberd of electrocution; a gnoll corpse You see here a +0 halberd.
Things that are here:
a +0 halberd of electrocution; a gnoll corpse
There is an open door, spattered with blood here.
You see here 3 boomerangs.
The gnoll closely misses you.
The gnoll hits you with a +2 halberd of electrocution!
There is an open door, spattered with blood here.
You see here 3 boomerangs.
You hit the gnoll but do no damage. The gnoll hits you but does no damage.
You slash the gnoll! You freeze the gnoll.
You kill the gnoll!
The kobold throws a boomerang.
The boomerang closely misses you. You block the kobold's attack.
Items here: ! )) ††.
The orc knight shouts!
You hit the kobold. You freeze the kobold.
You kill the kobold!
There is an open door, spattered with blood here.
You see here 3 boomerangs.
There is an open door, spattered with blood here.
Things that are here:
a +0 halberd; a gnoll corpse You see here 4 boomerangs.
There is an open door here.
Things that are here:
6 boomerangs; a kobold corpse You close the door.
You start resting.
An orc knight opens the door.
It is wielding a +2 vorpal war axe.
The orc knight hits you with a +2 vorpal war axe!
* * * LOW HITPOINT WARNING * * *
There is an open door here.
You hit the orc knight but do no damage.
The orc knight hits you with a +2 vorpal war axe!
You die...

# ### ##### ### ##
###.###))(###.# #.#
'##'##'###)##'##'#
#(....## ##(....#
#.((..#####.....###
'.)∩..'.#.'..⌠..'.#
#.....#####.....###
#.....# #....(##
'##'##'# #'##'##@##
# #.# #.#.# #.###o#
### ### ### #)#
#g#.# #.###.# g#
#'##'##(## .
#...()## .g
###...).### ..⌠
#.'..)..'.# ..o
###.o(..###


You could see an orc knight.

Vanquished Creatures
  Pikel (D:5)
  Sigmund (D:5)
  A steam dragon (D:7)
  Edmund (D:5)
  2 orc warriors
  2 sky beasts
  2 ogres
  A black bear (D:5)
  An ice beast (D:6)
  2 centaurs
  2 phantoms
  A lemure (D:5)
  2 kobold brigands (Sewer)
  A bullfrog (D:6)
  A scorpion (D:5)
  A wyvern skeleton (D:3)
  A water moccasin skeleton (D:5)
  6 killer bees (D:6)
  4 wights (D:7)
  A centaur zombie (D:6)
  A centaur skeleton (D:6)
  6 orc priests
  A hound (D:6)
  2 jellies
  A scorpion zombie (D:5)
  2 iguanas (D:5)
  Ijyb (D:2)
  10 orc wizards
  8 mummies (Ossuary)
  16 gnolls
  7 adders
  A river rat (Sewer)
  A shadow imp (D:6)
  An ufetubus (D:6)
  3 adder skeletons (D:4)
  5 worms
  25 orcs
  8 ball pythons
  3 bats
  9 endoplasms
  2 giant cockroaches
  12 goblins
  12 hobgoblins
  3 jackals (D:5)
  21 kobolds
  A quokka (D:1)
  5 frilled lizards
  3 hobgoblin zombies (Ossuary)
  A kobold zombie (Ossuary)
  4 orc zombies (Ossuary)
  7 rats
216 creatures vanquished.

Vanquished Creatures (others)
  An orc wizard (D:7)
1 creature vanquished.

Grand Total: 217 creatures vanquished

Notes
Turn   | Place    | Note
-------+----------+-------------------------------------------
     0 | D:1      | timneilson the Gargoyle Fighter began the quest for the
                  | Orb.
     0 | D:1      | Reached XP level 1. HP: 14/14 MP: 1/1
   236 | D:1      | Reached XP level 2. HP: 18/19 MP: 2/2
   312 | D:1      | Found a faded altar of an unknown god.
   569 | D:1      | Reached XP level 3. HP: 23/23 MP: 3/3
  1604 | D:3      | Noticed Ijyb
  1636 | D:2      | Killed Ijyb
  1637 | D:2      | Reached XP level 4. HP: 7/28 MP: 4/4
  1977 | D:3      | Reached skill level 1 in Dodging
  1977 | D:3      | Reached XP level 5. HP: 30/33 MP: 5/5
  2679 | D:4      | Found a glowing drain.
  2682 | D:4      | Reached XP level 6. HP: 37/38 MP: 6/6
  2690 | Sewer    | Entered a sewer
  2965 | Sewer    | Reached skill level 5 in Armour
  2965 | Sewer    | Reached skill level 5 in Shields
  3226 | D:4      | Identified a scroll of acquirement
  3226 | D:4      | Acquired 1127 gold pieces
  3381 | D:4      | Reached XP level 7. HP: 18/43 MP: 7/7
  3995 | D:5      | Entered Level 5 of the Dungeon
  4014 | D:5      | Noticed Sigmund
  4021 | D:5      | Killed Sigmund
  4047 | D:5      | Reached XP level 8. HP: 41/48 MP: 8/8
  4078 | D:5      | Found Wimpavus's Weapon Shoppe.
  4093 | D:5      | Bought a +2 scimitar of freezing for 268 gold pieces
  4130 | D:5      | Noticed Pikel
  4147 | D:5      | Killed Pikel
  4148 | D:5      | Reached skill level 5 in Fighting
  4148 | D:5      | Reached skill level 5 in Long Blades
  4201 | D:5      | Found an ancient bone altar of Kikubaaqudgha.
  4227 | D:5      | Found a sand-covered staircase.
  4236 | Ossuary  | Entered an ossuary
  4324 | Ossuary  | Reached XP level 9. HP: 49/54 MP: 9/9
  4840 | D:5      | Noticed Edmund
  4847 | D:5      | Killed Edmund
  5430 | D:6      | Found a staircase to the Ecumenical Temple.
  5444 | Temple   | Entered the Ecumenical Temple
  5669 | D:6      | Found a runed translucent gate.
  5670 | D:6      | Found a runed translucent gate.
  5671 | D:6      | Found a runed translucent gate.
  5671 | D:6      | Noticed Maken's ghost (novice GnEE)
  5679 | D:6      | Identified the +4 plate armour of Vosoybaz {Will- Int+4}
  6265 | D:7      | Reached XP level 10. HP: 32/60 MP: 10/10
  6404 | D:7      | Found a flagged portal.
  6467 | Bailey   | Entered a bailey
  6717 | Bailey   | Acquired a manual of Armour
  6723 | Bailey   | Noticed an orc knight
  6757 | Bailey   | Slain by an orc knight

Illustrated notes

Levels and vault maps discovered:
D:1:      nagdon_arrival_zigzag_paths, layout_basic, basic_ecumenical_altar,
          minmay_crystal_water
D:2:      layout_loops_ring
D:3:      layout_rooms, st_stairs_3, minmay_puff, uniq_ijyb
D:4:      layout_basic, portal_sewer_entry_d, grunt_ministairs_14,
          minmay_starry_boxes
D:5:      layout_loops_ring, kennysheep_mini_moat, serial_shops, shop,
          nicolae_ossuary_entry_ruins, minmay_stone_trees_medium,
          minmay_statues_item, uniq_sigmund, uniq_edmund, uniq_pikel
D:6:      layout_basic, temple_green, biasface_ghost_orc_armoury
D:7:      layout_loops_ring, enter_bailey_5
Temple:   eino_wide_crystal_templ
Bailey:   bailey_axe_2, bailey

Skill      XL: |  1  2  3  4  5  6  7  8  9 |
---------------+----------------------------+-----
Long Blades    | 2 3 4 5 6 |  6.8
Shields        | 4 5 7 8 |  8.6
Armour         | 4 5 6 8 |  8.6
Dodging        | 1 2 3 |  3.9
Fighting       | 4 5 6 |  6.4

Action                   |  1- 3 |  4- 6 |  7- 9 | 10-12 || total
-------------------------+-------+-------+-------+-------++-------
Melee: Long sword        |   138 |   211 |    78 |       ||   427
       Scimitar          |       |       |   278 |   113 ||   391
  Use: Scroll            |     2 |     9 |     6 |     1 ||    18
       Potion            |       |       |     1 |     2 ||     3
Armor: Scale mail        |    81 |       |       |       ||    81
       Chain mail        |       |   139 |   273 |    62 ||   474
Dodge: Dodged            |    69 |    85 |   169 |    48 ||   371
Block: Buckler           |    21 |    38 |    91 |    36 ||   186

Table legend: (Time is in decaauts)
 A = Elapsed time spent in this place.
 B = Non-inter-level travel time spent in this place.
 C = Inter-level travel time spent in this place.
 D = Time resting spent in this place.
 E = Time spent auto-exploring this place.
 F = Levels seen in this place.
 G = Mean time per level.
                   A        B        C        D        E       F      G
               +--------+--------+--------+--------+--------+-----+--------+
         Total |   6952 |   6808 |    144 |    529 |   3742 |  11 |  632.0 |
       Dungeon |   5732 |   5596 |    136 |    374 |   3305 |   7 |  818.9 |
        Temple |     51 |     43 |      8 |      0 |     30 |   1 |   51.0 |
         Sewer |    613 |    613 |      0 |      0 |    252 |   1 |  613.0 |
       Ossuary |    263 |    263 |      0 |      0 |    155 |   1 |  263.0 |
        Bailey |    291 |    291 |      0 |    155 |      0 |   1 |  291.0 |
               +--------+--------+--------+--------+--------+-----+--------+

Top non-repeatable levels by time:
     D:2: 1000 daAuts
     D:6: 926 daAuts
     D:3: 901 daAuts
     D:1: 853 daAuts
     D:5: 847 daAuts
     D:4: 799 daAuts
   Sewer: 613 daAuts
     D:7: 404 daAuts
  Bailey: 291 daAuts
 Ossuary: 263 daAuts
  Temple: 51 daAuts
